 Dungeon Crawl Stone Soup version 0.27-a0-1434-g6f15984924 (webtiles) character file.

Game seed: 5233089952675784790

90722 blackman the Devastator (level 15, -1/134 HPs)
             Began as a Black Draconian Conjurer on July 3, 2021.
             Was a High Priest of Vehumet.
             Slain by a merfolk impaler (18 damage)
             ... on level 1 of the Shoals on July 4, 2021.
             The game lasted 05:05:51 (54278 turns).

blackman the Devastator (Black Draconian Conjurer) Turns: 54278, Time: 05:05:51

Health: -1/134     AC: 16    Str:  5    XL:     15   Next: 53%
Magic:  16/30      EV:  7    Int: 34    God:    Vehumet [*****.]
Gold:   2080       SH:  0    Dex:  7    Spells: 9/36 levels left

rFire    . . .     SeeInvis +   y - staff of conjuration
rCold    . . .     Faith    .   T - +3 buckler {reflect}
rNeg     . . .     Spirit   .   (armour unavailable)
rPois    +         Reflect  +   Z - +2 hat
rElec    +         Harm     .   Y - +2 cloak of Difasac {Will+ Int+5 Dex-5 SInv}
rCorr    .         Rampage  .   a - +1 pair of gloves "Oggaitwa" {rPois Str-4 Stlth+}
Will     +++..                  (no boots)
Stlth    +++.......             N - amulet of reflection
HPRegen  0.32/turn              x - ring of willpower
MPRegen  0.22/turn              c - +6 ring of intelligence

@: swift, flying, held, quick
A: breathe lightning, AC +9, unfitting armour, big wings, electricity
resistance, cold-blooded
a: Breathe Lightning, Renounce Religion


You were on level 1 of the Shoals.
You worshipped Vehumet.
Vehumet was extremely pleased with you.
You visited 5 branches of the dungeon, and saw 23 of its levels.
You also visited: Sewer and Ossuary.

You collected 4668 gold pieces.
You spent 2588 gold pieces at shops.

Inventory:

Hand Weapons
 u - a +1 short sword of electrocution
Missiles
 d - 160 sling bullets
 s - 8 boomerangs of dispersal
 J - 4 curare-tipped darts (quivered)
 Q - 45 poisoned darts
Armour
 a - the +1 pair of gloves "Oggaitwa" (worn) {rPois Str-4 Stlth+}
   (You acquired it on level 1 of the Dungeon)

   Str:       It affects your strength (-4).
   rPois:     It protects you from poison.
   Stlth:     It makes you more stealthy.
 A - a +2 cloak
 T - a +3 buckler of reflection (worn)
 X - a scarf of invisibility
 Y - the +2 cloak of Difasac (worn) {Will+ Int+5 Dex-5 SInv}
   (You bought it in a shop on level 2 of the Orcish Mines)

   Int:       It affects your intelligence (+5).
   Dex:       It affects your dexterity (-5).
   SInv:      It lets you see invisible.
   Will:      It increases your willpower.
 Z - a +2 hat (worn)
Magical Staves
 y - a staff of conjuration (weapon)
Jewellery
 c - a +6 ring of intelligence (right hand)
 x - a ring of willpower (left hand)
 H - a ring of fire
 N - an amulet of reflection (around neck)
 O - a ring of flight
Wands
 e - a wand of digging (5)
 i - a wand of polymorph (11)
 L - a wand of iceblast (7)
 P - a wand of paralysis (2)
 S - a wand of flame (23)
 V - a wand of acid (6)
Scrolls
 b - 2 scrolls of fog
 j - a scroll of blinking
 l - a scroll of silence
 o - a scroll of torment {unknown}
 q - 6 scrolls of enchant armour
 r - 3 scrolls of magic mapping
 w - 4 scrolls of noise
 C - a scroll of immolation {unknown}
 F - a scroll of summoning {unknown}
 G - 3 scrolls of teleportation
 M - a scroll of enchant weapon
 R - 2 scrolls of vulnerability
 U - 2 scrolls of brand weapon
 W - 2 scrolls of identify
Potions
 f - 3 potions of ambrosia
 g - 6 potions of curing
 h - 2 potions of might
 k - a potion of degeneration
 m - 4 potions of flight
 n - 3 potions of cancellation
 p - 3 potions of resistance
 t - a potion of magic
 v - 5 potions of brilliance
 z - a potion of heal wounds
 B - a potion of berserk rage
 E - 6 potions of haste
 I - 2 potions of attraction
 K - 4 potions of lignification
Miscellaneous
 D - a phantom mirror


   Skills:
 + Level 12.3 Fighting
 * Level 8.9 Dodging
 - Level 2.3 Stealth
 - Level 4.0 Shields
 - Level 11.2 Spellcasting
 - Level 15.6 Conjurations
 + Level 11.6 Air Magic
 - Level 9.0 Evocations


You had 9 spell levels left.
You knew the following spells:

 Your Spells              Type           Power      Damage    Failure   Level
a - Magic Dart            Conj           100%       1d8       0%          1
b - Searing Ray           Conj           100%       3d7       0%          2
c - Iskenderun's Mystic   Conj/Tloc      83%        2d16      1%          4
d - Fulminant Prism       Conj/Hex       41%        3d20      1%          4
e - Sticky Flame          Conj/Fire      83%        2d9       1%          4
f - Hailstorm             Conj/Ice       83%        3d17      1%          4
g - Lightning Bolt        Conj/Air       53%        1d74      1%          5
h - Swiftness             Air            78%        N/A       1%          3

Your spell library contained the following spells:

 Spells                   Type           Power      Damage    Failure   Level
 Fireball                 Conj/Fire      41%        3d17      1%          5
 Static Discharge         Conj/Air       100%       N/A       0%          2
 Dazzling Flash           Conj/Hex       100%       N/A       1%          3
 Ignite Poison            Fire/Tmut/Pois 19%        N/A       1%          3
 Inner Flame              Hex/Fire       19%        N/A       1%          3
 Mephitic Cloud           Conj/Pois/Air  88%        N/A       1%          3
 Animate Skeleton         Necr           38%        N/A       2%          1
 Apportation              Tloc           38%        N/A       2%          1
 Corona                   Hex            21%        N/A       2%          1
 Pain                     Necr           76%        1d7       2%          1
 Summon Small Mammal      Summ           76%        N/A       2%          1
 Bolt of Magma            Conj/Fire/Erth 35%        4d15      2%          5
 Blink                    Tloc           N/A        N/A       3%          2
 Call Imp                 Summ           19%        N/A       3%          2
 Ensorcelled Hibernation  Hex/Ice        38%        N/A       3%          2
 Passwall                 Tmut/Erth      15%        N/A       3%          2
 Sublimation of Blood     Necr           9%         N/A       3%          2
 Wereblood                Tmut           19%        N/A       3%          2
 Silence                  Hex/Air        27%        N/A       6%          5
 Call Canine Familiar     Summ           19%        N/A       7%          3
 Gell's Gravitas          Tloc           9%         N/A       7%          3
 Lesser Beckoning         Tloc           9%         N/A       7%          3
 Ozocubu's Armour         Ice            19%        N/A       7%          3
 Summon Guardian Golem    Hex/Summ       19%        N/A       7%          3
 Teleport Other           Tloc           19%        N/A       7%          3
 Tukima's Dance           Hex            19%        N/A       7%          3
 Animate Dead             Necr           9%         N/A       24%         4
 Cause Fear               Hex            9%         N/A       24%         4
 Dispel Undead            Necr           19%        3d11      24%         4
 Leda's Liquefaction      Hex/Erth       9%         N/A       24%         4
 Maxwell's Capacitive Co  Air            39%        ∞         32%         8
 Agony                    Necr           19%        N/A       54%         5
 Borgnjor's Vile Clutch   Necr/Erth      9%         N/A       54%         5
 Excruciating Wounds      Necr           9%         N/A       54%         5
 Manifold Assault         Tloc           19%        N/A       54%         5
 Metabolic Englaciation   Hex/Ice        9%         N/A       54%         5
 Death Channel            Necr           9%         N/A       98%         6
 Invisibility             Hex            9%         N/A       98%         6
 Simulacrum               Ice/Necr       9%         N/A       98%         6
 Statue Form              Tmut/Erth      12%        N/A       98%         6
 Summon Hydra             Summ           9%         N/A       100%        7
 Discord                  Hex            9%         N/A       100%        8


Dungeon Overview and Level Annotations

Branches:
Dungeon (13/15)            Temple (1/1) D:4            Lair (6/6) D:9
 Shoals (1/4) Lair:3        Snake (0/4) Lair:2        Slime (0/5) Lair:5
    Orc (2/2) D:9             Elf (0/3) Orc:2         Sewer (visited)
Ossuary (visited)
 Vaults: D:13-14

Altars:
Ashenzari
Cheibriados
Dithmenos
Elyvilon
Fedhas
Gozag
Hepliaklqana
Kikubaaqudgha
Makhleb
Nemelex Xobeh
Okawaru
Qazlal
Ru
Sif Muna
Trog
Uskayaw
Vehumet
Wu Jian
Xom
Yredelemnul
Zin
The Shining One

Shops:
D:5 *   D:9 [   D:10 :   D:11 *   D:12 =   Orc:2 ?[[[

Portals:
Hell: Lair:6
Trove: D:11 (give horn of Geryon)

Annotations:
Lair:2 exclusion: oklob plant


Innate Abilities, Weirdness & Mutations

You can breathe wild blasts of lightning.
Your glossy black scales are hard. (AC +9)
You cannot fit into any form of body armour.
Your large and strong wings let you fly.
You are resistant to electric shocks. (rElec)
You are cold-blooded and may be slowed by cold attacks.


Message History

The harpy is lightly wounded.
The harpy claws you but does no damage. You block the harpy's attack.
A water nymph comes into view.
A merfolk comes into view. It is wielding a +0 trident.
The harpy screeches!
You block the harpy's attack. x2
A merfolk impaler comes into view.
It is wielding a +3 vampiric trident and wearing a +2 robe of cold resistance.
The harpy misses you. The harpy barely misses you.
The merfolk javelineer throws a silver javelin.
The silver javelin pierces through you!
A merfolk comes into view.
It is wielding a +2 trident of freezing.
The merfolk shouts!
A water elemental comes into view.
A merfolk comes into view. It is wielding a +0 trident.
The merfolk javelineer throws a silver javelin.
The silver javelin pierces through you!!
The silver javelin pierces through the harpy!!
A merfolk avatar comes into view.
You block the harpy's attack. The harpy closely misses you.
The water nymph gestures at you while chanting.
The water rises up and strikes you!
* * * LOW HITPOINT WARNING * * *
Things that are here:
a +5 rapier of speed; a +0 robe A merfolk aquamancer comes into view.
It is wielding a +2 rapier of protection.
The merfolk aquamancer shouts!
You hear a shout!
The merfolk javelineer throws a silver javelin.
The silver javelin misses you.
A merfolk siren comes into view. It is wielding a +0 spear.
The merfolk impaler hits you with a +3 vampiric trident!!
* * * LOW HITPOINT WARNING * * *
There is a staircase back to the Lair, spattered with blood here.
The merfolk throws a throwing net.
The throwing net hits you.
You become entangled in the net!
You stop ascending the stairs.
The water nymph flows with the water.
The water nymph's watery aura covers the staircase back to the Lair.
The merfolk avatar chants a haunting song.
You resist with almost no effort.
The harpy claws you but does no damage. x2
The merfolk impaler hits you with a +3 vampiric trident!!
You die...

.....≈≈≈≈≈
.....≈≈m≈≈
......≈m≈##
≈≈≈....≈≈m≈
≈≈≈≈≈..≈mm# ≈≈
≈≈≈≈≈...m≈####≈P
≈≈≈≈≈..mE≈≈≈≈≈≈P
≈≈≈≈?..≈@≈≈≈≈≈..
≈≈≈≈≈..≈Hm≈.....
≈≈≈≈≈..≈≈≈≈.....
≈≈≈≈≈..≈..m.....
≈≈≈≈≈..≈≈≈......
≈≈≈≈≈≈.≈.≈....≈≈
≈≈≈≈≈≈≈≈≈....≈≈≈
≈.≈≈≈≈(≈≈≈..≈≈≈≈
≈≈≈...≈≈≈≈.##..≈


You could see a merfolk avatar, a merfolk impaler, a merfolk javelineer, a
merfolk aquamancer, 3 merfolk, a water elemental, a merfolk siren, a water nymph
and a harpy.

Vanquished Creatures
  Nessos (Lair:6)
  A dire elephant (Lair:6)
  An ettin (Orc:2)
  The ghost of mdonais the Zephyrmancer, a journeyman OpAE of Gozag (Lair:1)
  Josephine (D:11)
  Harold (D:11)
  2 boulder beetles
  11 hydras
  2 ogre magi (Orc:2)
  13 two-headed ogres
  Erica (D:10)
  5 centaur warriors
  A merfolk aquamancer (Shoals:1)
  3 death yaks (Lair:5)
  A sun demon (Lair:6)
  4 skeletal warriors
  The ghost of R007833r the Thaumaturge, a novice DEAE of Vehumet (D:9)
  2 deep trolls
  A wizard (Lair:6)
  2 harpies (Lair:3)
  An orc sorcerer (Orc:2)
  2 cyclopes (Orc:2)
  2 manticores
  Maurice (D:10)
  6 black mambas
  28 elephants
  14 cane toads
  A torpor snail (Lair:4)
  2 orange demons (Lair:6)
  A gargoyle (D:11)
  An unseen horror (D:10)
  6 rime drakes
  A demonic crawler (Lair:3)
  An efreet (D:13)
  7 komodo dragons
  A hellwing (Lair:6)
  4 ice devils (Lair:6)
  11 trolls
  3 polar bears
  2 wind drakes (Lair:3)
  A hornet (D:11)
  Grinder (D:3)
  23 blink frogs
  A wyvern (Lair:5)
  2 spriggans (Lair:4)
  A water elemental (Shoals:1)
  5 wraiths
  41 yaks
  4 shadows
  3 basilisks
  Menkaure (D:6)
  4 vampire mosquitoes
  A naga (Lair:2)
  A swamp worm (Lair:3)
  3 wargs (D:9)
  3 hell hounds
  16 water moccasins
  A water moccasin (shapeshifter) (D:13)
  11 orc warriors
  2 black bears
  2 sky beasts
  9 ice beasts
  5 necrophages (D:4)
  18 ogres
  15 wolves
  20 centaurs
  4 lemures (D:5)
  A phantom (D:6)
  2 kobold brigands
  An elf zombie (Ossuary)
  3 scorpions
  12 bullfrogs
  A gnoll sergeant (D:10)
  A wyvern zombie (D:8)
  A wyvern skeleton (D:6)
  2 troll zombies (D:9)
  3 killer bees (D:8)
  9 electric eels
  4 vampire bats
  2 howler monkeys (D:8)
  4 centaur zombies
  3 jellies
  11 orc priests
  2 bullfrog zombies (D:5)
  4 hounds (D:5)
  Jessica (D:3)
  2 gnoll shamans
  21 orc wizards
  7 iguanas
  2 killer bee zombies
  6 ogre zombies (D:9)
  A hound skeleton (D:4)
  2 hound zombies
  3 mummies
  Robin (D:3)
  15 gnolls
  4 adders
  A shadow imp (D:6)
  2 white imps
  An adder skeleton (D:4)
  An adder zombie (D:4)
  A dart slug (D:3)
  A worm (D:2)
  56 orcs
  4 bat skeletons (D:3)
  3 bat zombies (D:3)
  7 endoplasms
  4 giant cockroaches
  4 gnoll zombies (Ossuary)
  12 goblins
  13 hobgoblins
  16 jackals
  6 quokkas
  11 ball pythons
  15 bats
  5 frilled lizards
  2 goblin skeletons (D:9)
  6 goblin zombies
  2 hobgoblin skeletons (D:9)
  2 hobgoblin zombies (D:9)
  22 kobolds
  6 orc skeletons (D:9)
  17 orc zombies
  4 rats
  A bush (D:4)
  2 fulminant prisms
706 creatures vanquished.

Vanquished Creatures (others)
  A kobold brigand (D:9)
  A kobold (D:9)
  183 fulminant prisms
  60 fungi
  108 plants
353 creatures vanquished.

Grand Total: 1059 creatures vanquished

Notes
Turn   | Place    | Note
-------+----------+-------------------------------------------
     0 | D:1      | blackman the Draconian Conjurer began the quest for the
                  | Orb.
     0 | D:1      | Reached XP level 1. HP: 14/14 MP: 3/3
   502 | D:1      | Reached XP level 2. HP: 20/20 MP: 3/5
   502 | D:1      | Found a faded altar of an unknown god.
   683 | D:1      | Identified a scroll of acquirement
   684 | D:1      | Acquired the +1 pair of gloves "Oggaitwa" {rPois Str-4
                  | Stlth+}
  1332 | D:1      | Reached XP level 3. HP: 26/26 MP: 4/6
  1723 | D:2      | Learned a level 2 spell: Searing Ray
  2771 | D:3      | Noticed Grinder
  2905 | D:3      | Reached skill level 5 in Conjurations
  2905 | D:3      | Reached XP level 4. HP: 33/33 MP: 2/7
  2955 | D:3      | Learned a level 4 spell: Iskenderun's Mystic Blast
  3547 | D:3      | Noticed Robin
  3586 | D:3      | Killed Robin
  3707 | D:3      | Noticed Jessica
  3712 | D:3      | Killed Jessica
  3713 | D:3      | Reached XP level 5. HP: 38/38 MP: 0/8
  3883 | D:3      | Reached skill level 6 in Conjurations
  4135 | D:3      | Found a glowing golden altar of the Shining One.
  5038 | D:3      | Found an ancient bone altar of Kikubaaqudgha.
  5108 | D:3      | Reached XP level 6. HP: 45/45 MP: 5/10
  5565 | D:5      | Entered Level 5 of the Dungeon
  5627 | D:5      | Reached skill level 7 in Conjurations
  5881 | D:4      | Found a glowing drain.
  5886 | Sewer    | Entered a sewer
  6724 | D:4      | Noticed a sky beast
  6733 | D:4      | Killed a sky beast
  6857 | D:4      | Your scales start taking on a glossy black colour.
  6857 | D:4      | Reached XP level 7. HP: 50/50 MP: 10/12
  6857 | D:4      | Gained mutation: You are resistant to electric shocks.
                  | (rElec) [Black Draconian growth]
  7339 | D:4      | Learned a level 4 spell: Fulminant Prism
  7404 | D:4      | Found a blossoming altar of Fedhas.
  7431 | D:4      | Reached skill level 8 in Conjurations
  7617 | D:4      | Reached XP level 8. HP: 57/57 MP: 9/14
  7664 | D:4      | Reached skill level 9 in Conjurations
  7791 | D:4      | Found a staircase to the Ecumenical Temple.
  7825 | Temple   | Entered the Ecumenical Temple
  7833 | Temple   | Became a worshipper of Vehumet
  7978 | D:4      | Acquired a staff of conjuration
  8951 | D:3      | Killed Grinder
  9378 | D:5      | Reached skill level 10 in Conjurations
  9730 | D:5      | Found Cicicwont's Assorted Antiques.
 11033 | D:6      | Reached skill level 11 in Conjurations
 11089 | D:6      | Reached XP level 9. HP: 47/62 MP: 3/16
 11207 | D:6      | You fall into a shaft and drop 1 floor!
 11481 | D:6      | Found a shimmering altar of Xom.
 11481 | D:6      | Noticed an angel
 11485 | D:6      | Found a glowing silver altar of Zin.
 11487 | D:6      | Noticed Menkaure
 11496 | D:6      | Killed Menkaure
 11497 | D:6      | Reached skill level 1 in Fighting
 12478 | D:7      | Reached * piety under Vehumet
 12478 | D:7      | Offered knowledge of Foxfire by Vehumet.
 12569 | D:7      | Found an opulent altar of Gozag.
 13142 | D:7      | Reached skill level 12 in Conjurations
 13709 | D:8      | Noticed a two-headed ogre
 13986 | D:8      | Killed a two-headed ogre
 13987 | D:8      | Reached XP level 10. HP: 40/80 MP: 8/17
 14179 | D:8      | Found a sand-covered staircase.
 14184 | Ossuary  | Entered an ossuary
 14190 | Ossuary  | Offered knowledge of Freeze by Vehumet.
 14190 | Ossuary  | Reached ** piety under Vehumet
 14561 | D:8      | Found a stormy altar of Qazlal.
 14561 | D:8      | Noticed a two-headed ogre
 14578 | D:8      | Killed a two-headed ogre
 14579 | D:8      | Reached skill level 5 in Fighting
 14579 | D:8      | Reached skill level 5 in Dodging
 14653 | D:8      | Found a basalt altar of Yredelemnul.
 15114 | D:8      | Reached skill level 13 in Conjurations
 15207 | D:8      | Learned a level 4 spell: Sticky Flame
 15256 | D:8      | Found a broken altar of Ashenzari.
 15779 | D:9      | Noticed a two-headed ogre
 15926 | D:9      | Offered knowledge of Inner Flame by Vehumet.
 16351 | D:9      | Reached *** piety under Vehumet
 16469 | D:9      | Found a staircase to the Orcish Mines.
 16479 | D:9      | Killed a two-headed ogre
 16480 | D:9      | Reached XP level 11. HP: 91/91 MP: 5/18
 16795 | D:9      | Offered knowledge of Hailstorm by Vehumet.
 17162 | D:9      | Found a runed translucent door.
 17163 | D:9      | Noticed R007833r's ghost (novice DEAE)
 17199 | D:9      | Killed R007833r's ghost
 17443 | D:9      | Reached skill level 14 in Conjurations
 17538 | D:9      | Found a staircase to the Lair.
 17539 | D:9      | Identified the +1 long sword of Vodka {holy, Int+3}
 17784 | D:9      | Noticed a two-headed ogre
 17798 | D:9      | Killed a two-headed ogre
 18045 | D:9      | Found Jiguo's Antique Armour Boutique.
 18052 | D:9      | Bought a shiny buckler for 240 gold pieces
 18269 | D:10     | Entered Level 10 of the Dungeon
 18344 | D:10     | Reached skill level 1 in Shields
 18349 | D:10     | Noticed Erica
 18352 | D:10     | Reached **** piety under Vehumet
 18575 | D:10     | Learned a level 4 spell: Hailstorm
 18700 | D:10     | Found Cide Paf's Book Shop.
 18913 | D:10     | Noticed Maurice
 19068 | D:10     | Bought a book of Blood for 364 gold pieces
 19276 | D:10     | Killed Maurice
 19277 | D:10     | Reached skill level 5 in Spellcasting
 19455 | D:10     | Offered knowledge of Lee's Rapid Deconstruction by Vehumet.
 19999 | D:10     | Killed Erica
 20330 | D:10     | Found a hazy altar of Hepliaklqana.
 20834 | D:11     | Noticed a skeletal warrior
 20834 | D:11     | Noticed a skeletal warrior
 20852 | D:11     | Killed a skeletal warrior
 20874 | D:11     | Killed a skeletal warrior
 21176 | D:10     | Acquired 1018 gold pieces
 21440 | D:11     | Noticed a skeletal warrior
 21440 | D:11     | Noticed a skeletal warrior
 21735 | D:10     | Killed a skeletal warrior
 22165 | D:10     | Killed a skeletal warrior
 22268 | D:11     | Reached XP level 12. HP: 96/103 MP: 10/19
 22437 | D:11     | Noticed Harold
 23038 | D:11     | Killed Harold
 24580 | D:11     | Noticed Josephine
 24588 | D:11     | Killed Josephine
 24873 | D:11     | Found a portal to a secret trove of treasure.
 24944 | D:11     | Acquired 1010 gold pieces
 25853 | D:11     | Found Yvviv's Assorted Antiques.
 25854 | D:11     | Noticed a two-headed ogre
 25862 | D:11     | Killed a two-headed ogre
 25915 | D:11     | Identified the amulet "Dotumef" {Acrobat rN+}
 26113 | D:11     | Bought a scroll of identify for 68 gold pieces
 26113 | D:11     | Bought a scroll of identify for 68 gold pieces
 26469 | D:12     | Reached skill level 1 in Evocations
 26526 | D:12     | Noticed a two-headed ogre
 26579 | D:12     | Killed a two-headed ogre
 26691 | D:12     | Found Fum Faun's Jewellery Shop.
 27444 | D:13     | Noticed a centaur warrior
 27527 | D:13     | Killed a centaur warrior
 27553 | D:13     | Noticed a centaur warrior
 27980 | D:13     | Noticed an eight-headed hydra
 27980 | D:13     | Noticed a centaur warrior
 27986 | D:12     | Killed a centaur warrior
 28416 | D:13     | Noticed a boulder beetle
 28439 | D:13     | Killed a boulder beetle
 28646 | D:13     | Killed a centaur warrior
 28919 | D:13     | Identified the +9 mace "Uwnosiryp" {vorpal, rF++}
 28919 | D:13     | Noticed a centaur warrior
 28932 | D:13     | Killed a centaur warrior
 29086 | D:13     | Noticed a centaur warrior
 29098 | D:13     | Killed a centaur warrior
 29099 | D:13     | Reached XP level 13. HP: 55/111 MP: 16/26
 29779 | Lair:1   | Entered Level 1 of the Lair of Beasts
 29779 | Lair:1   | Found a runed translucent door.
 29792 | D:9      | Learned a level 5 spell: Lightning Bolt
 30342 | D:11     | Bought a phantom mirror for 1360 gold pieces
 30467 | D:12     | Reached skill level 1 in Air Magic
 31221 | Lair:1   | Identified the +6 flail of the Manifold Artisans {drain,
                  | Contam rC+ Will+ Stlth+}
 31450 | Lair:1   | Noticed mdonais's ghost (journeyman OpAE)
 31490 | Lair:1   | Killed mdonais's ghost
 31491 | Lair:1   | Reached skill level 5 in Evocations
 32188 | Lair:2   | Found a staircase to the Snake Pit.
 32462 | Lair:2   | Reached skill level 10 in Fighting
 32811 | Lair:2   | Reached skill level 5 in Air Magic
 33046 | Lair:2   | Reached skill level 10 in Spellcasting
 35135 | Lair:3   | Found a staircase to the Shoals.
 36149 | Lair:3   | Learned a level 3 spell: Swiftness
 37487 | Lair:4   | Reached ***** piety under Vehumet
 37531 | Lair:4   | Offered knowledge of Airstrike by Vehumet.
 37607 | Lair:4   | Gained mutation: Your large and strong wings let you fly.
                  | [Black Draconian growth]
 37607 | Lair:4   | Reached XP level 14. HP: 122/122 MP: 12/28
 38912 | Lair:5   | Found a staircase to the Slime Pits.
 39319 | Lair:6   | Entered Level 6 of the Lair of Beasts
 39326 | Lair:6   | Noticed Nessos
 40045 | Lair:5   | Reached skill level 15 in Conjurations
 41733 | Lair:6   | Reached skill level 10 in Air Magic
 43794 | Lair:6   | Killed Nessos
 43796 | Lair:6   | Offered knowledge of Fireball by Vehumet.
 45820 | Lair:6   | Reached XP level 15. HP: 84/132 MP: 9/30
 46199 | Lair:6   | HP: 2/132 [bounced beam (8)]
 47399 | Lair:6   | Found a burning altar of Makhleb.
 47406 | Lair:6   | Found a gateway to Hell.
 47953 | Orc:1    | Entered Level 1 of the Orcish Mines
 48751 | Orc:2    | Entered Level 2 of the Orcish Mines
 52247 | Orc:2    | Found Car Ada's Antique Armour Emporium.
 52247 | Orc:2    | Found Lieps's Armour Emporium.
 52252 | Orc:2    | Found Odol Iqa's Antique Armour Shop.
 52262 | Orc:2    | Found Cuezxon's Magic Scroll Shoppe.
 52271 | Orc:2    | Bought a scroll of blinking for 90 gold pieces
 52271 | Orc:2    | Bought a scroll of identify for 24 gold pieces
 52271 | Orc:2    | Bought a scroll of identify for 24 gold pieces
 52292 | Orc:2    | Found a staircase to the Elven Halls.
 52535 | Orc:2    | Bought a glowing scarf for 160 gold pieces
 52535 | Orc:2    | Bought a brightly glowing cloak for 190 gold pieces
 52535 | Orc:2    | Identified the +2 cloak of Difasac {Will+ Int+5 Dex-5 SInv}
                  | (You bought it in a shop on level 2 of the Orcish Mines)
 52775 | Orc:1    | You are sucked into a shaft and drop 1 floor!
 52926 | Shoals:1 | Entered Level 1 of the Shoals
 54278 | Shoals:1 | Slain by a merfolk impaler

Illustrated notes

Levels and vault maps discovered:
D:1:      sevenhm_arrival_forest_fort_small_3, layout_rooms,
          ebering_ecumenical_altar_hall
D:2:      layout_basic
D:3:      layout_basic, nicolae_tso_swordbearing_angel,
          kennysheep_vampire_church, hangedman_decor_points, dk_noncrumbling_3,
          uniq_jessica, uniq_robin, uniq_grinder
D:4:      layout_loops_corners, fedhas_altar_decomposition,
          minmay_temple_entry_poolview, portal_sewer_entry_e,
          grunt_ministairs_8, minmay_crossroads
D:5:      layout_basic, serial_shops, nicolae_shop_statue_plus, uniq_pikel
D:6:      layout_basic, grunt_temple_overflow_order_and_chaos_1,
          minmay_misc_feat_enclosed, hangedman_decor_push, dk_noncrumbling_4,
          uniq_menkaure
D:7:      layout_loops_corners, nicolae_gozag_cash_rules_everything_around_me
D:8:      layout_loops_ring, amethyst_overflow_temple_binary,
          nicolae_overflow_hidden_temple, nicolae_ossuary_entry_giza,
          minmay_lizard_king
D:9:      layout_roguey, erik_lair_orcish_takeover, zombieorc2_lemuel,
          serial_shops, nicolae_shop_trees, gammafunk_ghost_grave
D:10:     layout_basic, nicolae_hepliaklqana_hippocampus, serial_shops, shop,
          eino_tiny_chamber, uniq_erica, uniq_maurice
D:11:     layout_basic, serial_shops, nicolae_shop_overgrown_old_shop,
          enter_trove_6, roderic_batcave, uniq_harold, uniq_josephine
D:12:     layout_basic, serial_shops, nicolae_diamond_shop
D:13:     minmay_the_grid_octo_triangle [minmay_the_grid_octo_pinwheel,
          minmay_the_grid_octo_prize_square_snowflake,
          minmay_the_grid_octo_empty], layout_basic
Temple:   nicolae_temple_no_exploring_needed
Lair:1:   layout_hall_layers, hellmonk_ghost_happy_afterlife, st_stairs_6,
          minivault_11
Lair:2:   layout_gridlike, minmay_snake_entry_guardpost_small,
          gauntlet_entry_generic, grunt_forest_small_clearing_treed,
          grunt_megastairs_4, minmay_lair_oklob_chamber,
          infiniplex_staircase_pool
Lair:3:   layout_layer_cave, minmay_shoals_entry_beasts, worms_lemuel
Lair:4:   layout_loops_ring, forest_entry_grove
Lair:5:   layout_small_grid, slime_dummy, infiniplex_staircase_pool_2
Lair:6:   evil_forest, layout_gridlike, portal_ice_cave_entry_ice_beasts,
          grunt_megastairs_5, uniq_nessos
Shoals:1: layout_shoals, st_sunken_huts
Orc:1:    layout_caves
Orc:2:    st_orc_open, layout_caves

Skill      XL: |  1  2  3  4  5  6  7  8  9 10 11 12 13 14 15 |
---------------+----------------------------------------------+-----
Dodging        | 2 4 6 7 8 |  8.9
Stealth        | 2 |  2.3
Conjurations   | 5 6 7 8 11 12 13 14 15 | 15.6
Spellcasting   | 3 4 5 9 10 11 | 11.2
Fighting       | 4 6 8 9 10 11 12 | 12.3
Shields        | 3 4 |  4.0
Evocations     | 4 6 8 9 |  9.0
Air Magic      | 8 11 | 11.6

Action                   |  1- 3 |  4- 6 |  7- 9 | 10-12 | 13-15 || total
-------------------------+-------+-------+-------+-------+-------++-------
Melee: Unarmed           |    13 |       |       |       |       ||    13
       Tailslap          |     3 |     4 |       |     1 |     3 ||    11
       Short sword       |    14 |    22 |       |       |       ||    36
       Dagger            |       |    25 |       |       |       ||    25
       Staff             |       |       |     2 |    13 |    72 ||    87
Throw: Dart              |       |       |       |    12 |       ||    12
 Cast: Magic Dart        |   100 |   113 |    92 |   113 |    97 ||   515
       Searing Ray       |     4 |     9 |    53 |    91 |    36 ||   193
       Iskenderun's Myst |       |     1 |       |     5 |     8 ||    14
       Fulminant Prism   |       |       |    23 |    97 |    72 ||   192
       Sticky Flame      |       |       |       |    37 |   133 ||   170
       Hailstorm         |       |       |       |     6 |     4 ||    10
       Lightning Bolt    |       |       |       |       |   278 ||   278
       Swiftness         |       |       |       |       |     6 ||     6
 Abil: Breathe Lightning |       |       |     4 |    13 |     8 ||    25
Evoke: Wand              |       |       |       |       |     2 ||     2
  Use: Scroll            |     5 |     1 |     7 |    17 |     9 ||    39
       Potion            |     1 |       |     1 |     4 |     4 ||    10
Armor: Skin              |    14 |    26 |    33 |   117 |   199 ||   389
Dodge: Dodged            |    41 |    61 |    39 |   157 |   323 ||   621
Block: Other             |       |       |       |    12 |       ||    12
       Reflection        |       |       |       |    36 |    12 ||    48
       Buckler           |       |       |       |   110 |   456 ||   566

Table legend: (Time is in decaauts)
 A = Elapsed time spent in this place.
 B = Non-inter-level travel time spent in this place.
 C = Inter-level travel time spent in this place.
 D = Time resting spent in this place.
 E = Time spent auto-exploring this place.
 F = Levels seen in this place.
 G = Mean time per level.
                   A        B        C        D        E       F      G
               +--------+--------+--------+--------+--------+-----+--------+
         Total |  54634 |  49454 |   5180 |  24206 |  12763 |  25 | 2185.4 |
       Dungeon |  30169 |  26189 |   3980 |  10791 |   7036 |  13 | 2320.7 |
        Temple |     20 |     20 |      0 |      0 |      0 |   1 |   20.0 |
          Lair |  18587 |  17576 |   1011 |  10590 |   4260 |   6 | 3097.8 |
        Shoals |     21 |     21 |      0 |      0 |      0 |   1 |   21.0 |
  Orcish Mines |   4695 |   4506 |    189 |   2760 |   1060 |   2 | 2347.5 |
         Sewer |   1008 |   1008 |      0 |     65 |    405 |   1 | 1008.0 |
       Ossuary |    131 |    131 |      0 |      0 |      0 |   1 |  131.0 |
               +--------+--------+--------+--------+--------+-----+--------+

Top non-repeatable levels by time:
  Lair:5: 4293 daAuts
    D:10: 4211 daAuts
    D:11: 4045 daAuts
  Lair:3: 3916 daAuts
     D:9: 3824 daAuts
  Lair:6: 3517 daAuts
   Orc:1: 3111 daAuts
     D:3: 3006 daAuts
    D:12: 2641 daAuts
  Lair:4: 2581 daAuts
     D:4: 2435 daAuts
  Lair:2: 2308 daAuts
  Lair:1: 1969 daAuts
     D:5: 1842 daAuts
     D:7: 1689 daAuts
